PR
LADUE RAMS @ GREENPORT HARBOR WHALES
05/06/2032
 
TOP OF THE 1ST
Ladue Rams batting - Pitching for Greenport Harbor Whales : RHP Jim Perry
Pitching: RHP Jim Perry
Batting: RHB Randall Givens 0-0: Ball
1-0: Ball
2-0: Called Strike
2-1: Ball
3-1: Ground out 5-3 (Groundball, 56)
Batting: LHB Mihai Dumitru 0-0: SINGLE (Groundball, 5D)
Batting: LHB Conrad Hessing 0-0: Swinging Strike
0-1: Ball
1-1: Ball
Passed Ball!
Mihai Dumitru to second
2-1: Swinging Strike
2-2: Ground out 4-3 (Groundball, 4M)
Mihai Dumitru to third
Batting: RHB Y-Tic Amanap 0-0: Fly out, F8 (Line Drive, 8LD)
Top of the 1st over - 0 runs, 1 hit, 0 errors, 1 left on base; Ladue 0 - Greenport 0
BOTTOM OF THE 1ST
Greenport Harbor Whales batting - Pitching for Ladue Rams : RHP Jason Breary
Pitching: RHP Jason Breary
Batting: RHB Hui-ying Sun 0-0: Ball
1-0: Called Strike
1-1: Swinging Strike
1-2: Ball
2-2: Ball
3-2: SINGLE (Groundball, 4MD)
Batting: LHB Júlio Madrid 0-0: Ball
1-0: Called Strike
1-1: SINGLE (Groundball, 34D)
Hui-ying Sun to second
Runner from 2nd tries for 3rd, SAFE, no throw
Batting: RHB Petri Kallio 0-0: Called Strike
0-1: Ball
1-1: Hit by Pitch
Júlio Madrid to second
Batting: RHB Kupaalani Bakana 0-0: Ball
1-0: Foul Ball, location: 2F
1-1: Ball
2-1: Ball
3-1: Swinging Strike
3-2: Base on Balls
Hui-ying Sun scores
Júlio Madrid to third
Petri Kallio to second
Batting: RHB Hsui-chuan Hong 0-0: Called Strike
0-1: Ball
1-1: SINGLE (Flyball, 8RS)
Júlio Madrid scores
Petri Kallio to third
Kupaalani Bakana to second
Batting: LHB Jing-quo Sung 0-0: Ball
1-0: Called Strike
1-1: Fly out, F4 (Line Drive, 4)
Batting: RHB Kelyn Diallo 0-0: Ball
1-0: Ball
2-0: Foul Ball, location: 2F
2-1: Ball
3-1: TRIPLE (Flyball, 8LXD)
Petri Kallio scores
Kupaalani Bakana scores
Hsui-chuan Hong scores
Batting: RHB Falco Opsteegh 0-0: Foul Ball, location: 2F
0-1: Ball
1-1: SINGLE (Flyball, 8LS)
Kelyn Diallo scores
Batting: RHB Ramón González 0-0: Ball
1-0: Called Strike
1-1: Ball
2-1: SINGLE (Line Drive, 6MD)
Falco Opsteegh to second
Batting: RHB Hui-ying Sun 0-0: Ball
1-0: Fly out, F9 (Flyball, 89D)
Runner from 2nd tags up, SAFE at 3rd, no throw
Batting: LHB Júlio Madrid 0-0: Swinging Strike
0-1: SINGLE (Flyball, 9LS)
Falco Opsteegh scores
Ramón González to second
Runner from 2nd tries for 3rd, SAFE, no throw
Batting: RHB Petri Kallio 0-0: Called Strike
0-1: Called Strike
0-2: Foul Ball, location: 2F
0-2: 3-RUN HOME RUN (Flyball, 7LD), Distance : 356 ft
Batting: RHB Kupaalani Bakana 0-0: Foul Ball, location: 2F
0-1: Called Strike
0-2: Ball
1-2: SINGLE (Groundball, 56D)
Batting: RHB Hsui-chuan Hong 0-0: Ball
1-0: Ball
2-0: Called Strike
2-1: SINGLE (Flyball, 7S)
Kupaalani Bakana to second
Batting: LHB Jing-quo Sung 0-0: Called Strike
0-1: Ground out 4-3 (Groundball, 4)
Bottom of the 1st over - 10 runs, 10 hits, 0 errors, 2 left on base; Ladue 0 - Greenport 10
TOP OF THE 2ND
Ladue Rams batting - Pitching for Greenport Harbor Whales : RHP Jim Perry
Batting: RHB Rafael García 0-0: Ball
1-0: Foul Ball, location: 2F
1-1: Ground out 4-3 (Groundball, 4)
Batting: SHB Eric Quick 0-0: Ball
1-0: Swinging Strike
1-1: Fly out, F4 (Line Drive, 34D)
Batting: LHB Qing-nian Zexian 0-0: DOUBLE (Flyball, 8RD)
Batting: SHB Javier Murillo 0-0: Ball
1-0: Ground out U3 (Groundball, 3)
Top of the 2nd over - 0 runs, 1 hit, 0 errors, 1 left on base; Ladue 0 - Greenport 10
BOTTOM OF THE 2ND
Greenport Harbor Whales batting - Pitching for Ladue Rams : RHP Jason Breary
Batting: RHB Kelyn Diallo 0-0: Ball
1-0: Ball
2-0: Foul Ball, location: 2F
2-1: SINGLE (Groundball, 6M) (infield hit)
Batting: RHB Falco Opsteegh 0-0: Grounds into double play, 5-4-3 (Groundball, 5L)
Batting: RHB Ramón González 0-0: Ball
1-0: Called Strike
1-1: Ball
2-1: SINGLE (Groundball, 56D)
Batting: RHB Hui-ying Sun 0-0: Called Strike
0-1: Called Strike
0-2: Ball
1-2: Ball
2-2: Ball
3-2: Base on Balls
Ramón González to second
Batting: LHB Júlio Madrid 0-0: Ground out 4-3 (Groundball, 4)
Bottom of the 2nd over - 0 runs, 2 hits, 0 errors, 2 left on base; Ladue 0 - Greenport 10
TOP OF THE 3RD
Ladue Rams batting - Pitching for Greenport Harbor Whales : RHP Jim Perry
Batting: RHB Carlos Santos 0-0: Foul Ball, location: 2F
0-1: Fly out, F9 (Flyball, 89D)
Batting: RHB Randall Givens 0-0: Swinging Strike
0-1: Foul Ball, location: 2F
0-2: Strikes out swinging
Batting: LHB Mihai Dumitru 0-0: Fly out, F5 (Popup, 56S)
Top of the 3rd over - 0 runs, 0 hits, 0 errors, 0 left on base; Ladue 0 - Greenport 10
BOTTOM OF THE 3RD
Greenport Harbor Whales batting - Pitching for Ladue Rams : RHP Jason Breary
Batting: RHB Petri Kallio 0-0: Ball
1-0: Called Strike
1-1: Foul Ball, location: 2F
1-2: Ball
2-2: Fly out, F6 (Popup, 6)
Batting: RHB Kupaalani Bakana 0-0: DOUBLE (Groundball, 5L)
Batting: RHB Hsui-chuan Hong 0-0: Called Strike
0-1: Reached on error, E4 (Groundball, 4D)
Kupaalani Bakana scores
Batting: LHB Jing-quo Sung 0-0: Called Strike
0-1: Foul Ball, location: 2F
0-2: Ball
1-2: Strikes out looking
Batting: RHB Kelyn Diallo 0-0: Ball
1-0: Foul Ball, location: 2F
1-1: Ball
2-1: Ball
3-1: Foul Ball, location: 2F
3-2: Ground out 5-3 (Groundball, 56)
Bottom of the 3rd over - 1 run, 1 hit, 1 error, 1 left on base; Ladue 0 - Greenport 11
TOP OF THE 4TH
Ladue Rams batting - Pitching for Greenport Harbor Whales : RHP Jim Perry
Batting: LHB Conrad Hessing 0-0: Ball
1-0: Ground out 4-3 (Groundball, 4)
Batting: RHB Y-Tic Amanap 0-0: Foul Ball, location: 2F
0-1: Ball
1-1: Ball
2-1: Swinging Strike
2-2: Foul Ball, location: 2F
2-2: Reached on error, E5 (Groundball, 56)
Batting: RHB Rafael García 0-0: Called Strike
0-1: Called Strike
0-2: Ball
1-2: Strikes out swinging
Batting: SHB Eric Quick 0-0: Ball
1-0: Ball
2-0: Fly out, F9 (Line Drive, 9LD)
Top of the 4th over - 0 runs, 0 hits, 1 error, 1 left on base; Ladue 0 - Greenport 11
BOTTOM OF THE 4TH
Greenport Harbor Whales batting - Pitching for Ladue Rams : RHP Jason Breary
Batting: RHB Falco Opsteegh 0-0: Ball
1-0: Called Strike
1-1: SINGLE (Groundball, 6D)
Batting: RHB Ramón González 0-0: Swinging Strike
0-1: Ball
1-1: Swinging Strike
1-2: Ball
2-2: Strikes out looking
Batting: RHB Hui-ying Sun 0-0: Called Strike
0-1: Foul Ball, location: 2F
0-2: Ball
1-2: Ball
2-2: Foul Ball, location: 2F
2-2: Ball
3-2: Base on Balls
Falco Opsteegh to second
Batting: LHB Júlio Madrid 0-0: Ball
1-0: Ball
2-0: SINGLE (Groundball, 56D)
Falco Opsteegh to third
Hui-ying Sun to second
Runner from 3rd tries for Home, SAFE, throw made home
Batting: RHB Petri Kallio 0-0: Ball
1-0: Foul Ball, location: 2F
1-1: Ball
2-1: Ground out 6-3 (Groundball, 6M)
Hui-ying Sun to third
Júlio Madrid to second
Batting: RHB Kupaalani Bakana 0-0: Ball
1-0: Swinging Strike
1-1: SINGLE (Flyball, 89S)
Hui-ying Sun scores
Júlio Madrid to third
Runner from 3rd tries for Home, SAFE, no throw
Pitching: RHP Kong Li
Batting: RHB Hsui-chuan Hong 0-0: Foul Ball, location: 2F
0-1: Ground out U3 (Groundball, 34)
Bottom of the 4th over - 3 runs, 3 hits, 0 errors, 1 left on base; Ladue 0 - Greenport 14
TOP OF THE 5TH
Ladue Rams batting - Pitching for Greenport Harbor Whales : RHP Jim Perry
Batting: LHB Qing-nian Zexian 0-0: Called Strike
0-1: Ball
1-1: Ground out 6-3 (Groundball, 6)
Batting: SHB Javier Murillo 0-0: Ball
1-0: Foul Ball, location: 2F
1-1: Foul Ball, location: 2F
1-2: Ball
2-2: Ball
3-2: Foul Ball, location: 2F
3-2: Strikes out swinging
Batting: RHB Carlos Santos 0-0: Swinging Strike
0-1: Ball
1-1: Ball
2-1: Foul Ball, location: 2F
2-2: Ground out 5-3 (Groundball, 56S)
Top of the 5th over - 0 runs, 0 hits, 0 errors, 0 left on base; Ladue 0 - Greenport 14
BOTTOM OF THE 5TH
Greenport Harbor Whales batting - Pitching for Ladue Rams : RHP Kong Li
Batting: LHB Jing-quo Sung 0-0: Called Strike
0-1: Fly out, F8 (Flyball, 8LS)
Batting: RHB Kelyn Diallo 0-0: Ball
1-0: Fly out, F8 (Line Drive, 8LD)
Batting: RHB Falco Opsteegh 0-0: Fly out, F2 (Popup, 25F)
Bottom of the 5th over - 0 runs, 0 hits, 0 errors, 0 left on base; Ladue 0 - Greenport 14
TOP OF THE 6TH
Ladue Rams batting - Pitching for Greenport Harbor Whales : RHP Jim Perry
Batting: RHB Randall Givens 0-0: Ball
1-0: Fly out, F8 (Flyball, 78S)
Batting: LHB Mihai Dumitru 0-0: SOLO HOME RUN (Flyball, 7D), Distance : 366 ft
Pitching: RHP Garth Donovan
Batting: LHB Conrad Hessing 0-0: Called Strike
0-1: Ball
1-1: Called Strike
1-2: Ball
2-2: Ground out 1-3 (Groundball, 13S)
Batting: RHB Y-Tic Amanap 0-0: Foul Ball, location: 2F
0-1: Called Strike
0-2: Ball
1-2: SINGLE (Flyball, 7)
Batting: RHB Rafael García 0-0: Foul Ball, location: 2F
0-1: Swinging Strike
0-2: Strikes out looking
Top of the 6th over - 1 run, 2 hits, 0 errors, 1 left on base; Ladue 1 - Greenport 14
BOTTOM OF THE 6TH
Greenport Harbor Whales batting - Pitching for Ladue Rams : RHP Kong Li
Batting: RHB Ramón González 0-0: Called Strike
0-1: Swinging Strike
0-2: Ball
1-2: Foul Ball, location: 2F
1-2: Strikes out swinging
Batting: RHB Hui-ying Sun 0-0: Called Strike
0-1: Ball
1-1: Foul Ball, location: 2F
1-2: Foul Ball, location: 2F
1-2: Strikes out swinging
Batting: LHB Júlio Madrid 0-0: Foul Ball, location: 2F
0-1: Ball
1-1: Swinging Strike
1-2: Strikes out looking
Bottom of the 6th over - 0 runs, 0 hits, 0 errors, 0 left on base; Ladue 1 - Greenport 14
TOP OF THE 7TH
Ladue Rams batting - Pitching for Greenport Harbor Whales : RHP Garth Donovan
Batting: SHB Eric Quick 0-0: Foul Ball, location: 2F
0-1: Ball
1-1: Foul Ball, location: 2F
1-2: Strikes out swinging
Batting: LHB Qing-nian Zexian 0-0: DOUBLE (Line Drive, 78XD)
Batting: SHB Javier Murillo 0-0: Ball
1-0: Fly out, F4 (Popup, 4MD)
Batting: RHB Carlos Santos 0-0: Ground out 6-3 (Groundball, 56)
Top of the 7th over - 0 runs, 1 hit, 0 errors, 1 left on base; Ladue 1 - Greenport 14
BOTTOM OF THE 7TH
Greenport Harbor Whales batting - Pitching for Ladue Rams : RHP Kong Li
Batting: RHB Petri Kallio 0-0: Foul Ball, location: 2F
0-1: Fly out, F8 (Flyball, 8RS)
Batting: RHB Kupaalani Bakana 0-0: Ball
1-0: Ball
2-0: SINGLE (Line Drive, 56D)
Batting: RHB Hsui-chuan Hong 0-0: Called Strike
0-1: Ball
1-1: SINGLE (Groundball, 4MD)
Kupaalani Bakana to second
Batting: LHB Jing-quo Sung 0-0: Ball
1-0: Called Strike
1-1: Swinging Strike
1-2: Strikes out swinging
Batting: RHB Kelyn Diallo 0-0: Called Strike
0-1: Ball
1-1: Called Strike
1-2: Ground out 1-3 (Groundball, 13S)
Bottom of the 7th over - 0 runs, 2 hits, 0 errors, 2 left on base; Ladue 1 - Greenport 14
TOP OF THE 8TH
Ladue Rams batting - Pitching for Greenport Harbor Whales : RHP Garth Donovan
Batting: RHB Randall Givens 0-0: Called Strike
0-1: Ball
1-1: SOLO HOME RUN (Flyball, 7D), Distance : 361 ft
Batting: LHB Mihai Dumitru 0-0: Ball
1-0: Swinging Strike
1-1: Ball
2-1: Foul Ball, location: 2F
2-2: Ball
3-2: Base on Balls
Batting: LHB Conrad Hessing 0-0: Foul Ball, location: 2F
0-1: Ball
1-1: Grounds into double play, 6-4-3 (Groundball, 56)
Pinch Hitting: RHB Téo Kremer 0-0: Called Strike
0-1: Ball
1-1: Ground out U3 (Groundball, 34S)
Top of the 8th over - 1 run, 1 hit, 0 errors, 0 left on base; Ladue 2 - Greenport 14
BOTTOM OF THE 8TH
Greenport Harbor Whales batting - Pitching for Ladue Rams : RHP Kong Li
Now at 2B: Téo Kremer
Batting: RHB Falco Opsteegh 0-0: Ball
1-0: Ground out 4-3 (Groundball, 4)
Batting: RHB Ramón González 0-0: Called Strike
0-1: Ball
1-1: Called Strike
1-2: Ground out 6-3 (Groundball, 6)
Batting: RHB Hui-ying Sun 0-0: Ball
1-0: Ground out 5-3 (Groundball, 56)
Bottom of the 8th over - 0 runs, 0 hits, 0 errors, 0 left on base; Ladue 2 - Greenport 14
TOP OF THE 9TH
Ladue Rams batting - Pitching for Greenport Harbor Whales : RHP Garth Donovan
Now in LF: Toby Caunce
Batting: RHB Rafael García 0-0: Called Strike
0-1: Swinging Strike
0-2: Fly out, F6 (Line Drive, 6)
Batting: SHB Eric Quick 0-0: Swinging Strike
0-1: Ball
1-1: Fly out, F9 (Flyball, 9)
Pinch Hitting: SHB Orlando Pereira 0-0: Swinging Strike
0-1: Foul Ball, location: 2F
0-2: Ball
1-2: Foul Ball, location: 2F
1-2: Foul Ball, location: 2F
1-2: Strikes out swinging
Top of the 9th over - 0 runs, 0 hits, 0 errors, 0 left on base; Ladue 2 - Greenport 14
Wednesday, September 19th, 2018 - OOTP Baseball 18.8 Build 76